Map: New Repugnancy LE

Players

Silky

  • Race: Zerg Zerg
  • Spawn Location: 7:00

Kelazhur - Winner!

  • Race: Terran Terran
  • League: Diamond
  • Spawn Location: 1:00

Event: 2019 WCS Winter Americas

VOD

Have the link to the VOD?

Description

Time

  • Played on: Feb. 17, 2019, 3:19 p.m.
  • Length: 18:58

All games in this series

Show
View Real Time Build Order
Export as new Build Order

Silky Zerg 

Build Orders: Hatch First 

Get SALT Encoding   

  12  0:00  Drone  
  13  0:12  Overlord  
  13  0:16  Drone  
  14  0:30  Drone x2  
  16  0:48  Hatchery  
  15  0:51  Drone  
  15  0:55  Drone  
  17  0:58  Drone  
  18  1:08  Extractor  
  17  1:13  Spawning Pool  
  17  1:16  Drone  
  17  1:19  Drone  
  18  1:28  Drone  
  19  1:38  Drone  
  20  1:49  Overlord  
  20  2:00  Queen x2, Zergling x4  
  26  2:10  Drone  
  26  2:11  Drone  
  28  2:17  Metabolic Boost  
  28  2:22  Zergling x4  
  30  2:35  Zergling x4  
  31  2:37  Queen  
  33  2:45  Queen  
  33  2:47  Overlord  
  34  2:54  Drone  
  35  3:05  Hatchery  
  34  3:08  Zergling x2  
  34  3:09  Zergling x2  
  34  3:12  Zergling x2  
  37  3:19  Drone x2  
  38  3:20  Drone  
  36  3:29  Zergling x6  
  39  3:36  Zergling x4  
  39  3:37  Zergling x2  
  41  3:44  Drone  
  41  3:45  Drone  
  43  3:54  Zergling x2  
  44  3:56  Queen  
  39  4:12  Zergling x8  
  38  4:18  Zergling x4  
  38  4:19  Queen  
  38  4:23  Zergling x6  
  40  4:32  Queen  
  40  4:36  Zergling x2  
  40  4:37  Zergling x4  
  43  4:45  Zergling x6  
  43  4:50  Zergling x2  
  45  4:52  Zergling x2  
  45  4:53  Zergling x2  
  45  4:58  Queen  
  48  5:03  Zergling x2  
  48  5:04  Overlord x2  
  47  5:17  Overlord  
  47  5:23  Drone  
  47  5:24  Drone x5  
  47  5:25  Drone  
  47  5:28  Drone x3  
  53  5:33  Drone x2  
  53  5:35  Drone  
  57  5:37  Drone  
  57  5:41  Drone  
  59  5:43  Drone  
  59  5:47  Drone x2  
  59  5:49  Drone  
  63  5:55  Drone  
  64  6:01  Drone  
  64  6:02  Drone  
  64  6:03  Drone  
  67  6:04  Extractor  
  67  6:05  Extractor, Baneling Nest  
  67  6:09  Overlord x2  
  64  6:13  Overlord  
  64  6:15  Drone x2  
  65  6:21  Overlord  
  65  6:29  Drone x6  
  71  6:35  Lair, Overlord  
  71  6:37  Drone  
  71  6:38  Drone  
  73  6:40  Spore Crawler  
  73  6:42  Spore Crawler  
  73  6:46  Spore Crawler  
  70  6:47  Drone x2  
  70  6:50  Drone x2  
  74  6:56  Drone x2  
  76  7:01  Zergling x6  
  76  7:02  Zergling x8  
  83  7:09  Roach Warren  
  83  7:10  Drone x3  
  83  7:16  Baneling x6  
  83  7:17  Drone x2  
  83  7:18  Drone  
  83  7:20  Drone x2  
  88  7:25  Drone x4  
  92  7:32  Overlord  
  92  7:34  Overseer  
  92  7:43  Evolution Chamber x2  
  88  7:45  Hatchery  
  88  7:49  Roach  
  88  7:50  Roach x5  
  88  7:51  Overlord  
  93  7:54  Drone x2  
  93  7:55  Drone  
  93  7:56  Extractor  
  93  7:57  Drone  
  93  7:58  Extractor x2  
  93  8:01  Roach  
  93  8:02  Roach x2  
  96  8:12  Drone x3  
  97  8:14  Glial Reconstitution  
  97  8:16  Zerg Missile Weapons Level 1  
  97  8:17  Zerg Ground Armor Level 1  
  97  8:19  Drone  
  98  8:30  Infestation Pit  
  98  8:31  Roach x3, Zergling x12  
  109  8:39  Spore Crawler  
  108  8:42  Drone x2  
  108  8:44  Zergling x6  
  108  8:46  Overlord  
  113  8:48  Hydralisk Den  
  112  8:56  Overlord  
  112  8:59  Overlord  
  112  9:00  Ravager x2  
  114  9:04  Drone x5  
  114  9:09  Hive  
  119  9:20  Queen  
  119  9:21  Queen  
  119  9:24  Hydralisk x7  
  120  9:29  Overlord  
  130  9:37  Drone x2  
  130  9:38  Drone x7  
  137  9:46  Spore Crawler, Muscular Augments  
  137  9:52  Hydralisk x3  
  136  9:53  Hydralisk x2  
  136  9:54  Overseer  
  146  10:02  Extractor  
  146  10:04  Spore Crawler, Extractor  
  141  10:08  Hydralisk  
  141  10:09  Hydralisk x4  
  141  10:13  Zerg Missile Weapons Level 2  
  147  10:15  Drone  
  147  10:20  Overlord  
  148  10:26  Viper  
  148  10:27  Overlord  
  147  10:30  Drone x3  
  147  10:34  Zergling x4  
  151  10:35  Overlord  
  147  10:49  Spine Crawler  
  143  10:50  Spine Crawler  
  143  10:51  Spine Crawler  
  143  10:55  Viper x2  
  146  11:02  Drone x4  
  149  11:08  Drone x3  
  149  11:09  Drone x2  
  154  11:19  Drone  
  154  11:20  Spore Crawler, Drone x3  
  154  11:21  Hatchery  
  154  11:22  Spore Crawler  
  153  11:28  Zerg Ground Armor Level 2, Grooved Spines  
  153  11:30  Overlord x2  
  153  11:31  Hydralisk  
  153  11:32  Hydralisk x4, Zergling x2  
  159  11:40  Pneumatized Carapace  
  159  11:43  Viper x2  
  161  12:03  Zergling x4  
  161  12:04  Zergling x24  
  156  12:17  Roach x2  
  156  12:18  Roach x6  
  156  12:21  Drone x3  
  175  12:26  Spire  
  175  12:28  Baneling x2  
  175  12:29  Spine Crawler  
  173  12:30  Spine Crawler  
  172  12:40  Drone x3  
  172  12:43  Roach x6  
  175  12:56  Hydralisk x9  
  186  12:59  Drone x2  
  186  13:00  Drone  
  186  13:01  Spore Crawler  
  186  13:03  Overlord, Extractor  
  186  13:04  Drone  
  186  13:05  Drone x2  
  189  13:11  Overlord x2  
  189  13:12  Overseer  
  189  13:16  Queen, Spine Crawler x2  
  189  13:17  Spine Crawler  
  189  13:18  Overlord  
  188  13:33  Roach  
  188  13:34  Roach x5  
  170  13:50  Viper x2  
  170  13:52  Hydralisk x4  
  170  13:55  Drone x5  
  178  13:56  Drone x3  
  178  13:59  Drone  
  178  14:00  Overseer, Drone  
  187  14:09  Drone x2  
  189  14:13  Spine Crawler  
  184  14:29  Roach x8  
  184  14:30  Overlord x2  
  200  14:33  Greater Spire  
  200  14:45  Spine Crawler  
  200  14:46  Zerg Missile Weapons Level 3  
  200  14:47  Evolution Chamber, Spine Crawler  
  200  14:48  Hatchery  
  200  14:50  Evolution Chamber x2  
  194  15:02  Extractor  
  194  15:03  Hydralisk x3  
  194  15:05  Extractor  
  194  15:06  Spine Crawler  
  197  15:12  Spine Crawler  
  197  15:15  Hatchery  
  181  15:43  Drone x5  
  181  15:45  Viper x2  
  188  15:50  Drone x6, Spine Crawler  
  188  15:51  Spine Crawler  
  188  15:56  Zerg Ground Armor Level 3, Extractor  
  178  16:06  Corruptor, Drone x3  
  178  16:07  Corruptor x5  
  185  16:11  Queen  
  185  16:21  Overseer  
  185  16:24  Queen  
  185  16:25  Drone x3  
  190  16:27  Hydralisk x5  
  190  16:28  Spore Crawler  
  193  16:57  Corruptor x4  
  193  16:58  Corruptor x3  
  184  17:09  Corruptor  
  184  17:10  Corruptor x6  
  184  17:11  Overlord  
  184  17:12  Hydralisk  
  174  17:26  Hydralisk  
  174  17:27  Hydralisk x7  
  161  17:33  Hydralisk x4  
  146  17:44  Hydralisk  
  146  17:45  Hydralisk x4  
  146  17:47  Hatchery  
  146  17:51  Hydralisk, Hatchery  
  142  17:54  Hydralisk x3  
  142  17:55  Drone  
  147  17:59  Queen x2  
  147  18:02  Viper x2  
  154  18:08  Hydralisk x4  
  154  18:14  Roach  
  154  18:18  Extractor  
  154  18:19  Extractor  
  149  18:26  Drone x4  
Show
View Real Time Build Order
Export as new Build Order

Kelazhur Terran - Winner!

Build Orders:  

Get SALT Encoding   

  12  0:00  SCV  
  13  0:13  SCV  
  14  0:19  Supply Depot  
  14  0:25  SCV  
  15  0:41  SCV, Barracks  
  16  0:44  Refinery  
  16  0:53  SCV  
  17  1:01  Barracks  
  17  1:05  SCV  
  18  1:17  SCV  
  19  1:21  Barracks  
  19  1:28  Reaper  
  20  1:36  Orbital Command  
  20  1:42  Refinery  
  20  1:48  Reaper  
  20  1:53  Supply Depot  
  21  2:03  SCV  
  21  2:04  Reaper  
  23  2:12  Supply Depot  
  23  2:15  Reaper  
  24  2:17  SCV  
  25  2:25  Reaper  
  25  2:29  SCV  
  27  2:36  Reaper  
  28  2:46  SCV  
  28  2:48  Reaper  
  28  2:49  Supply Depot  
  30  2:57  Reaper  
  30  2:58  SCV  
  32  3:08  Reaper  
  32  3:10  SCV  
  34  3:20  Reaper  
  34  3:22  SCV  
  36  3:28  Command Center  
  36  3:29  Reaper  
  37  3:34  SCV  
  37  3:40  Reaper  
  39  3:46  SCV  
  40  3:51  Factory  
  37  4:12  Reaper x2  
  37  4:17  Reaper  
  37  4:18  SCV  
  38  4:31  Command Center  
  37  4:46  SCV  
  37  4:49  Starport, Orbital Command  
  38  4:56  Factory Reactor, Refinery  
  38  4:58  SCV  
  38  4:59  Marine x3  
  41  5:03  Refinery  
  41  5:10  SCV  
  42  5:15  SCV  
  42  5:17  Marine  
  44  5:22  SCV  
  40  5:32  Viking, SCV  
  40  5:34  SCV  
  43  5:38  Hellion x2  
  46  5:43  Orbital Command  
  46  5:44  SCV  
  46  5:46  SCV  
  48  5:50  Factory x2  
  48  5:56  SCV  
  49  5:58  SCV  
  49  5:59  Hellion x2  
  49  6:03  Starport Tech Lab  
  54  6:04  Armory  
  54  6:09  SCV  
  54  6:10  SCV x2  
  57  6:21  SCV, Hellion x2  
  57  6:23  SCV x2  
  57  6:25  Banshee  
  67  6:29  Hyperflight Rotors  
  67  6:33  SCV  
  67  6:34  Supply Depot  
  67  6:35  SCV  
  67  6:36  Factory Tech Lab x2  
  67  6:38  SCV  
  70  6:44  Orbital Command  
  70  6:45  SCV, Hellion x2  
  75  6:51  Supply Depot  
  75  6:52  SCV, Supply Depot  
  76  6:57  Terran Vehicle And Ship Armor Level 1, SCV  
  77  7:01  Refinery  
  77  7:04  SCV  
  77  7:05  Refinery  
  78  7:11  Cyclone x2  
  78  7:13  Hellion x2  
  88  7:16  Banshee  
  88  7:17  SCV  
  88  7:20  SCV  
  93  7:23  SCV  
  93  7:26  Supply Depot x2  
  93  7:29  SCV  
  95  7:32  SCV  
  95  7:36  SCV, Hellion x2  
  101  7:43  SCV  
  101  7:46  SCV  
  101  7:49  SCV  
  99  7:53  Cyclone x2, Mag-Field Accelerator  
  99  7:55  SCV  
  105  8:02  Hellion x8  
  105  8:03  SCV x2  
  105  8:05  Banshee  
  114  8:07  SCV  
  113  8:15  SCV x2  
  113  8:16  Infernal Pre-Igniter  
  113  8:17  Command Center  
  113  8:19  SCV  
  116  8:27  SCV  
  117  8:36  Factory x2  
  117  8:37  Supply Depot  
  117  8:38  SCV, Siege Tank x2  
  124  8:42  Supply Depot  
  124  8:46  SCV  
  125  8:51  Engineering Bay  
  125  8:52  Supply Depot x2  
  125  8:58  SCV x3  
  125  8:59  Hellion  
  132  9:02  Hellion  
  132  9:03  Banshee  
  135  9:10  SCV x2  
  135  9:13  Cyclone  
  135  9:14  Cyclone  
  135  9:15  Supply Depot  
  135  9:16  Supply Depot  
  143  9:25  Missile Turret  
  143  9:26  Factory Tech Lab  
  143  9:30  Supply Depot  
  143  9:33  Hellion  
  143  9:34  Hellion  
  144  9:42  Factory Reactor  
  144  9:45  Cyclone x2  
  144  9:46  Terran Vehicle And Ship Armor Level 2, Cyclone  
  144  9:50  Armory  
  144  9:52  Supply Depot  
  153  9:58  Hellion  
  153  9:59  Hellion  
  153  10:15  Command Center  
  153  10:18  Cyclone  
  153  10:19  Cyclone  
  153  10:20  Hellion x3  
  153  10:21  Hellion  
  167  10:24  Planetary Fortress  
  165  10:29  Banshee, Cloaking Field  
  166  10:45  Cyclone  
  166  10:46  Hellion x4  
  166  10:48  Terran Vehicle Weapons Level 1  
  172  10:50  SCV, Cyclone  
  172  10:51  SCV  
  172  10:56  SCV  
  177  11:02  Refinery  
  177  11:05  Refinery  
  175  11:11  SCV  
  175  11:12  SCV x2, Banshee  
  181  11:23  Factory  
  181  11:24  Factory  
  181  11:27  Factory  
  181  11:28  Hellion x2  
  181  11:29  Hellion x2, Cyclone  
  188  11:37  SCV x3  
  194  11:47  Cyclone x2  
  194  11:49  SCV x2  
  194  11:51  Refinery  
  199  11:55  Refinery  
  188  12:06  Cyclone  
  188  12:07  Hellion x2  
  166  12:09  Factory Tech Lab x2  
  166  12:11  Hellion, Factory Reactor  
  166  12:19  Cyclone x2  
  174  12:23  Hellion  
  174  12:24  Terran Vehicle And Ship Armor Level 3  
  174  12:25  Planetary Fortress  
  174  12:28  Hellion  
  176  12:35  Cyclone  
  179  12:39  Hellion x2  
  179  12:43  Cyclone x2  
  183  12:45  SCV  
  183  12:49  Hellion x4  
  183  12:51  Cyclone  
  183  12:52  Cyclone  
  172  12:58  SCV  
  172  12:59  Starport x2  
  172  13:00  SCV, Starport  
  172  13:04  Liberator  
  173  13:07  Cyclone  
  173  13:10  Terran Vehicle Weapons Level 2  
  173  13:12  Command Center  
  176  13:20  Cyclone x2  
  185  13:30  Cyclone x2  
  185  13:31  Hellion x2  
  167  13:39  Cyclone  
  153  13:41  Hellion  
  153  13:45  Hellion  
  144  13:49  Liberator  
  144  13:50  Hellion x2  
  144  13:52  Cyclone  
  144  13:53  Cyclone  
  153  13:56  Hellion x2  
  157  14:03  Hellion  
  157  14:04  Cyclone x2  
  157  14:06  Liberator  
  157  14:08  Fusion Core  
  163  14:11  Cyclone  
  163  14:12  Sensor Tower  
  163  14:14  Hellion  
  163  14:16  Starport Reactor x2  
  165  14:21  Hellion x2  
  163  14:24  Cyclone  
  163  14:25  Cyclone  
  163  14:31  Liberator  
  163  14:35  Hellion  
  163  14:36  Hellion x3  
  171  14:40  Liberator x4  
  171  14:49  Cyclone x2, Liberator  
  188  15:02  Terran Ship Weapons Level 1, Advanced Ballistics  
  191  15:07  Cyclone x2  
  191  15:09  Hellion  
  193  15:23  Liberator  
  190  15:29  Cyclone x2, Liberator  
  190  15:35  Liberator  
  199  15:41  Cyclone x2  
  199  15:42  Hellion x3  
  199  15:54  Terran Vehicle Weapons Level 3  
  199  15:57  Liberator  
  199  15:58  Liberator  
  190  16:05  Hi-Sec Auto Tracking  
  190  16:06  Planetary Fortress  
  190  16:08  Starport Reactor  
  200  16:18  Hellion x2  
  200  16:23  Liberator x2  
  195  16:56  Cyclone x5  
  195  16:59  Liberator x2  
  191  17:02  Neosteel Armor  
  191  17:05  Hellion x4  
  191  17:06  Hellion x2  
  188  17:11  Liberator  
  188  17:13  Refinery  
  188  17:15  Command Center  
  186  17:17  Command Center  
  186  17:27  Hellion x3  
  186  17:28  Cyclone x2  
  180  17:40  Cyclone  
  180  17:41  Cyclone x2  
  189  18:00  Cyclone x2  
  192  18:06  Refinery  
  198  18:12  Hellion  
  198  18:13  Hellion x2  
  198  18:44  Command Center  
Tags
 
Add a new tag
Caveats
  • Supply blocks, unpowered buildings, or Contaminate may cause inaccurate times.
  • Supply counts are checked every 10 seconds.